 Dungeon Crawl Stone Soup version 0.31-a0-175-g9f7f995f2b (webtiles) character file.

Game seed: 11363719568563699282

2821 qw the Skirmisher (level 9, -7/57 HPs)
             Began as a Gargoyle Hunter on June 17, 2023.
             Mangled by Joseph
             ... wielding a +3 heavy quarterstaff
              (12 damage)
             ... on level 8 of the Dungeon.
             The game lasted 00:03:43 (6543 turns).

qw the Skirmisher (Gargoyle Hunter)                 Turns: 6543, Time: 00:03:44

Health: -7/57      AC: 13    Str: 14    XL:     9   Next: 73%
Magic:  9/9        EV: 12    Int: 11    God:
Gold:   170        SH:  0    Dex: 17    Spells: 8/8 levels left

rFire   . . .        Y - +0 orcbow (drain)
rCold   + . .        (shield currently unavailable)
rNeg    + . .        o - +0 ring mail {rC+}
rPois   inf          (no helmet)
rElec   +            (no cloak)
rCorr   .            f - +0 pair of gloves
SInv    .            (no boots)
Will    .....        (no amulet)
Stlth   +            (no ring)
HPRegen 0.29/turn    (no ring)
MPRegen 0.11/turn

%: no passive effects
@: about to teleport
A: sickness immunity, AC +6, negative energy resistance 1, electricity
resistance, torment resistance 1, petrification resistance
a: no special abilities


You were on level 8 of the Dungeon.
You visited 2 branches of the dungeon, and saw 9 of its levels.

You collected 249 gold pieces.
You spent 79 gold pieces at shops.


Innate Abilities, Weirdness & Mutations

You are immune to sickness and miasma.
Your stone body is resilient. (AC +6)
You are immune to poison.
You resist negative energy. (rN+)
You are resistant to electric shocks. (rElec)
You are resistant to unholy torment.
You are immune to petrification.


   Skills:
 + Level 7.5 Fighting
 - Level 11.0 Ranged Weapons
 - Level 3.2 Armour
 - Level 3.2 Dodging
 - Level 1.1 Stealth


You had 8 spell levels left.
You didn't know any spells.
Your spell library was empty.

Inventory:

Hand Weapons
 n - a +0 shortbow
 Y - a +0 orcbow of draining (weapon)
Armour
 b - a +0 leather armour of willpower
 f - a +0 pair of gloves (worn)
 o - a +0 ring mail of cold resistance (worn)
Scrolls
 h - a scroll of teleportation
 m - 2 scrolls of identify
Potions
 a - 5 potions of curing
 c - a potion of magic
 d - a potion of cancellation
 e - a potion of enlightenment
 g - a potion of haste
 i - a potion of berserk rage {unknown}
 j - a potion of attraction
 l - a potion of mutation
 q - a potion of resistance

Dungeon Overview and Level Annotations

Branches:
Dungeon (8/15)             Temple (1/1) D:5
   Lair: D:8-11

Altars:
Ashenzari
Cheibriados
Dithmenos
Elyvilon
Fedhas
Gozag
Hepliaklqana
Kikubaaqudgha
Makhleb
Nemelex Xobeh
Okawaru
Qazlal
Ru
Sif Muna
Trog
Uskayaw
Wu Jian
Xom
The Shining One

Shops:
D:1 (   D:2 *

Annotations:
D:8 Joseph


Message History

You shoot an arrow. The arrow hits the white imp!
You kill the white imp!
The wight closely misses you.
Joseph unwields a +3 heavy quarterstaff.
Joseph wields a +0 sling.
Joseph shoots a sling bullet.
The sling bullet hits you but does no damage.
You shoot an arrow. The arrow closely misses Joseph.
The wight barely misses you.
Joseph shoots a sling bullet.
The sling bullet completely misses you.
You shoot an arrow. The arrow hits Joseph!
You drain Joseph.
Joseph is moderately wounded.
The wight completely misses you.
Joseph shoots a sling bullet.
The sling bullet closely misses you.
You shoot an arrow. The arrow hits Joseph!
Joseph is heavily wounded.
The wight barely misses you.
You shoot an arrow. The arrow closely misses Joseph.
The wight hits you from afar with a +0 trident.
Joseph unwields a +0 sling.
Joseph wields a +3 heavy quarterstaff.
Joseph hits you with a +3 heavy quarterstaff.
You shoot an arrow. The arrow barely misses Joseph.
The wight closely misses you.
You shoot an arrow. The arrow barely misses Joseph.
Joseph barely misses you. The wight barely misses you.
You shoot an arrow. The arrow barely misses Joseph.
The wight hits you from afar with a +0 trident.
Joseph closely misses you.
You shoot an arrow. The arrow hits Joseph.
You drain Joseph.
Joseph is heavily wounded.
The wight barely misses you.
You shoot an arrow. The arrow hits Joseph.
You drain Joseph.
Joseph is severely wounded.
Joseph hits you with a +3 heavy quarterstaff!
The wight hits you from afar with a +0 trident!
6543 ||| READING 2 scrolls of teleportation.
As you read the scroll of teleportation, it crumbles to dust.
You feel strangely unstable. The wight barely misses you.
Joseph hits you with a +3 heavy quarterstaff!
You die...

.#....).).###.#
####.)<......#
#(......######
...##:.....#
#.. #..###.# #.
#..# #.# . #..#
#.##### #..#
#....)# #..
#####@# #@#
#)z.z#
##.......
.###### .# ..
.. ...


You could see Joseph (very drained) and a wight.

Vanquished Creatures
  A sky beast (D:6)
  7 black bears
  2 ice beasts
  An orc warrior (D:7)
  2 ogres
  A centaur (D:5)
  A bullfrog (D:7)
  2 kobold brigands (D:8)
  4 scorpions
  9 wights
  4 hounds (D:6)
  A gnoll bouda (D:6)
  4 sleepcaps
  5 iguanas
  An orc wizard (D:3)
  9 adders
  7 gnolls (D:6)
  3 shadow imps
  A white imp (D:8)
  An ufetubus (D:4)
  2 worms
  2 dart slugs (D:1)
  10 orcs
  7 bats
  4 endoplasms
  5 giant cockroaches
  6 goblins
  4 hobgoblins
  15 kobolds
  7 quokkas
  11 ball pythons
  3 frilled lizards
  2 rats (D:2)
144 creatures vanquished.

Notes
Turn   | Place    | Note
-------+----------+-------------------------------------------
     0 | D:1      | qw the Gargoyle Hunter began the quest for the Orb.
     0 | D:1      | Reached XP level 1. HP: 12/12 MP: 1/1
     0 | D:1      | 0 ||| qw: Version: 0.3-a-2-g5ab2908
     0 | D:1      | 0 ||| qw: Game counter: 312
     0 | D:1      | 0 ||| qw: Always use a shield: true
     0 | D:1      | 0 ||| qw: God list: Okawaru
     0 | D:1      | 0 ||| qw: Allow faded altars: false
     0 | D:1      | 0 ||| qw: Do Orc after D:15 true
     0 | D:1      | 0 ||| qw: Do second Lair branch before Depths: true
     0 | D:1      | 0 ||| qw: Lair rune preference: random
     0 | D:1      | 0 ||| qw: Plans: Normal, Zot:1-4, Slime:5, God:TSO, Crypt,
                  | Tomb, Abyss, Pan, Hells, Win
     0 | D:1      | 0 ||| PLANNING D:1-11
    76 | D:1      | Reached XP level 2. HP: 17/17 MP: 2/2
   244 | D:1      | 244 ||| FLEEEEING.
   245 | D:1      | 245 ||| FLEEEEING.
   272 | D:1      | Reached XP level 3. HP: 21/21 MP: 3/3
   438 | D:1      | Reached skill level 5 in Ranged Weapons
   494 | D:1      | Found Ceus's Weapon Shoppe.
   497 | D:1      | 497 ||| UPGRADING to +0 pair of gloves.
   502 | D:1      | 502 ||| READING scroll labelled FOJUIPAIMU.
   503 | D:1      | 503 ||| READING scroll labelled IVVINK ZEJI.
   504 | D:1      | 504 ||| READING scroll labelled XILE VOAPSAQU.
   505 | D:1      | 505 ||| READING scroll labelled NYTRUM JAKK.
   506 | D:1      | 506 ||| DROPPING scroll of butterflies.
   700 | D:2      | 700 ||| READING scroll labelled DOOTOS EMI.
   701 | D:2      | 701 ||| FLEEEEING.
   702 | D:2      | 702 ||| FLEEEEING.
   712 | D:2      | Reached skill level 3 in Fighting
   733 | D:2      | Reached XP level 4. HP: 28/28 MP: 4/4
   770 | D:2      | Found Suus's Assorted Antiques.
   777 | D:2      | 777 ||| SHOPLISTING embroidered scarf (144 gold, have 84).
   777 | D:2      | 777 ||| BUYING fizzy green potion (16 gold).
   777 | D:2      | Bought a fizzy green potion for 16 gold pieces
   777 | D:2      | 777 ||| BUYING orcbow (63 gold).
   777 | D:2      | Bought an orcbow for 63 gold pieces
   777 | D:2      | 777 ||| SHOPLISTING scratched ivory ring (90 gold, have 5).
   777 | D:2      | 777 ||| SHOPLISTING scratched wooden ring (90 gold, have
                  | 5).
   777 | D:2      | 777 ||| SHOPLISTING scroll of teleportation (54 gold, have
                  | 5).
   777 | D:2      | 777 ||| SWAPPING to +0 orcbow.
   778 | D:2      | 778 ||| DROPPING +0 shortbow.
  1074 | D:2      | 1074 ||| DRINKING 2 gluggy blue potions.
  1075 | D:2      | 1075 ||| DROPPING potion of brilliance.
  1628 | D:3      | Found an iron altar of Okawaru.
  1629 | D:3      | 1629 ||| PLANNING OKAWARU WORSHIP
  1718 | D:3      | Reached XP level 5. HP: 32/32 MP: 5/5
  1880 | D:3      | Found a shimmering blue altar of Sif Muna.
  1881 | D:3      | Found a glowing golden altar of the Shining One.
  1883 | D:3      | Found an ornate altar of the Wu Jian Council.
  2034 | D:3      | 2034 ||| READING scroll labelled FARU KAMEO.
  2035 | D:3      | 2035 ||| READING scroll labelled WADANUPHAE.
  2036 | D:3      | 2036 ||| READING scroll labelled NEETITS MYMMUY.
  2038 | D:3      | 2038 ||| PLANNING D:1-11
  2167 | D:3      | 2167 ||| PLANNING OKAWARU WORSHIP
  2206 | D:3      | 2206 ||| PLANNING D:1-11
  2278 | D:3      | 2278 ||| PLANNING OKAWARU WORSHIP
  2298 | D:3      | 2298 ||| PLANNING D:1-11
  2415 | D:4      | Noticed a black bear
  2420 | D:4      | Killed a black bear
  2421 | D:4      | Reached skill level 6 in Ranged Weapons
  2514 | D:4      | 2514 ||| READING scroll labelled RYRIEV VUIMOE.
  2582 | D:4      | Found a white marble altar of Elyvilon.
  2693 | D:4      | Noticed a black bear
  2706 | D:4      | Killed a black bear
  2707 | D:4      | Reached XP level 6. HP: 32/37 MP: 6/6
  2797 | D:4      | 2797 ||| READING scroll of brand weapon.
  2797 | D:4      | 2797 ||| BRANDING +0 orcbow of flaming.
  2847 | D:4      | Noticed a black bear
  2855 | D:4      | Killed a black bear
  2856 | D:4      | Reached skill level 7 in Ranged Weapons
  2856 | D:4      | Reached XP level 7. HP: 43/43 MP: 7/7
  3380 | D:4      | 3380 ||| UPGRADING to +0 ring mail.
  3390 | D:4      | 3390 ||| DROPPING +0 leather armour.
  3391 | D:4      | 3391 ||| DRINKING 2 fuming clear potions.
  3392 | D:4      | 3392 ||| READING 3 scrolls of identify.
  3392 | D:4      | 3392 ||| IDENTIFYING bubbling sapphire potion
  3393 | D:4      | 3393 ||| READING 2 scrolls of identify.
  3393 | D:4      | 3393 ||| IDENTIFYING fizzy green potion
  3394 | D:4      | 3394 ||| DROPPING potion of invisibility.
  3431 | D:5      | Entered Level 5 of the Dungeon
  3432 | D:5      | 3432 ||| PLANNING SEWER
  3439 | D:5      | Found a staircase to the Ecumenical Temple.
  3585 | D:5      | Found a stormy altar of Qazlal.
  3709 | D:5      | Found a hazy altar of Hepliaklqana.
  3710 | D:5      | Found a shimmering altar of Xom.
  3711 | D:5      | Noticed a spectral ugly thing
  3746 | D:5      | Reached skill level 8 in Ranged Weapons
  3773 | D:5      | 3773 ||| FLEEEEING.
  3774 | D:5      | 3774 ||| FLEEEEING.
  3819 | D:5      | Reached XP level 8. HP: 49/49 MP: 8/8
  3915 | D:5      | Reached skill level 9 in Ranged Weapons
  3915 | D:5      | 3915 ||| DROPPING +0 sling.
  4130 | D:5      | 4130 ||| RIP SEWER
  4131 | D:5      | 4131 ||| PLANNING TEMPLE
  4135 | D:5      | 4135 ||| DRINKING 2 fuming sapphire potions.
  4136 | D:5      | 4136 ||| PLANNING OKAWARU WORSHIP
  4136 | D:5      | 4136 ||| READING 3 scrolls of identify.
  4136 | D:5      | 4136 ||| IDENTIFYING brown potion
  4137 | D:5      | 4137 ||| READING 2 scrolls of identify.
  4137 | D:5      | 4137 ||| IDENTIFYING golden potion
  4138 | D:5      | 4138 ||| DROPPING potion of degeneration.
  4252 | D:2      | 4252 ||| PLANNING TEMPLE
  4309 | Temple   | Entered the Ecumenical Temple
  4409 | Temple   | 4409 ||| PLANNING D:1-11
  4507 | D:5      | 4507 ||| Stepping ~*~*~tactically~*~*~ (water).
  4687 | D:6      | 4687 ||| Stepping ~*~*~tactically~*~*~ (outnumbered).
  4690 | D:6      | 4690 ||| Stepping ~*~*~tactically~*~*~ (outnumbered).
  4719 | D:6      | Found a sacrificial altar of Ru.
  4734 | D:6      | Reached skill level 6 in Fighting
  5155 | D:6      | Reached skill level 10 in Ranged Weapons
  5155 | D:6      | Reached XP level 9. HP: 55/55 MP: 9/9
  5460 | D:6      | 5460 ||| UPGRADING to +0 leather armour of willpower.
  5470 | D:6      | 5470 ||| DROPPING +0 ring mail.
  5471 | D:6      | 5471 ||| UPGRADING to +0 ring mail of cold resistance.
  5481 | D:6      | 5481 ||| READING scroll labelled NASIBY JYHEBRO.
  5482 | D:6      | 5482 ||| READING scroll labelled FIR VAUWAH KET.
  5483 | D:6      | 5483 ||| READING 4 scrolls of identify.
  5483 | D:6      | 5483 ||| IDENTIFYING glowing emerald potion
  5484 | D:6      | 5484 ||| READING 3 scrolls of identify.
  5484 | D:6      | 5484 ||| IDENTIFYING white potion
  5485 | D:6      | 5485 ||| READING 2 scrolls of identify.
  5485 | D:6      | 5485 ||| IDENTIFYING purple potion
  5526 | D:7      | 5526 ||| FLEEEEING.
  5890 | D:7      | Found a bloodstained altar of Trog.
  5895 | D:7      | 5895 ||| Stepping ~*~*~tactically~*~*~ (outnumbered).
  5898 | D:7      | 5898 ||| Stepping ~*~*~tactically~*~*~ (outnumbered).
  5909 | D:7      | HP: 10/57 [wight/+0 halberd (9)]
  5910 | D:7      | 5910 ||| READING 3 scrolls of teleportation.
  5911 | D:7      | 5911 ||| DRINKING potion of heal wounds.
  6043 | D:7      | Found a hide-covered altar of Uskayaw.
  6215 | D:7      | Reached skill level 11 in Ranged Weapons
  6333 | D:7      | 6333 ||| READING 4 scrolls of identify.
  6333 | D:7      | 6333 ||| IDENTIFYING puce potion
  6334 | D:7      | 6334 ||| READING 3 scrolls of identify.
  6334 | D:7      | 6334 ||| IDENTIFYING ruby potion
  6346 | D:8      | 6346 ||| Stepping ~*~*~tactically~*~*~ (outnumbered).
  6359 | D:8      | Reached skill level 3 in Dodging
  6428 | D:8      | Reached skill level 3 in Armour
  6526 | D:8      | 6526 ||| Stepping ~*~*~tactically~*~*~ (outnumbered).
  6529 | D:8      | Noticed Joseph
  6542 | D:8      | HP: 14/57 [Joseph/+3 heavy quarterstaff (14)]
  6542 | D:8      | HP: 5/57 [wight/+0 trident (9)]
  6543 | D:8      | 6543 ||| READING 2 scrolls of teleportation.
  6543 | D:8      | Mangled by Joseph

Levels and vault maps discovered:
D:1:      zelgadis_glass_arrival_small, layout_rooms, serial_shops,
          nicolae_shop_real_fake_doors
D:2:      layout_rooms, serial_shops, nicolae_shop_gibbet_a_chance,
          minmay_pentomino_t2
D:3:      layout_loops_corners, general_overflow_altar,
          gammafunk_temple_overflow_forgotten
D:4:      layout_loops_corners, nicolae_elyvilon_temple_path
D:5:      layout_loops_ring, mainiacjoe_overflow_concentric_impassable,
          regret_index_temple_of_mockery, minmay_temple_entry_drinking_statues,
          gup_sewer_entry_pipe, st_stairs_9
D:6:      layout_loops_corners, mainiacjoe_overflow_tiny_flanked
D:7:      layout_basic, mainiacjoe_overflow_six_doors_small,
          nicolae_uskayaw_suspiria
D:8:      layout_rooms, zin_angel, chequers_mini_garden, kennysheep_kite_vault,
          uniq_joseph
Temple:   hellmonk_temple_beads

Skill      XL: |  1  2  3  4  5  6  7  8  9 |
---------------+----------------------------+-----
Ranged Weapons | 5 6 7 8 10 11 | 11.0
Fighting       | 3 4 5 6 7 |  7.5
Armour         | 2 3 |  3.2
Dodging        | 2 3 |  3.2
Stealth        | |  1.1

Action                     |  1- 3 |  4- 6 |  7- 9 || total
---------------------------+-------+-------+-------++-------
   Fire: Shortbow          |   108 |     7 |       ||   115
         Orcbow            |       |   126 |   373 ||   499
    Use: Scroll            |     5 |     5 |    13 ||    23
         Potion            |       |     1 |     3 ||     4
 Armour: Leather armour    |    26 |    47 |     1 ||    74
         Ring mail         |       |       |   135 ||   135
  Dodge: Dodged            |    32 |    52 |   169 ||   253

Table legend:
 A = Non-vault XP
 B = Vault XP
 C = Vault XP percentage of total XP
 D = Non-vault monster count
 E = Vault monster count
 F = Vault count percentage of total count
                 A         B        C        D         E       F
            +---------+---------+-------+---------+---------+-------
      Total |    3940 |      90 |   2.2 |     133 |      11 |   7.6
            +---------+---------+-------+---------+---------+-------
        D:1 |      39 |       0 |   0.0 |      21 |       0 |   0.0
        D:2 |      48 |       2 |   4.0 |      18 |       2 |  10.0
        D:3 |      79 |       0 |   0.0 |      10 |       0 |   0.0
        D:4 |     550 |       0 |   0.0 |      20 |       0 |   0.0
        D:5 |     864 |      88 |   9.2 |      12 |       9 |  42.9
        D:6 |     843 |       0 |   0.0 |      19 |       0 |   0.0
        D:7 |     981 |       0 |   0.0 |      16 |       0 |   0.0
        D:8 |     536 |       0 |   0.0 |      17 |       0 |   0.0
            +---------+---------+-------+---------+---------+-------
